 Dungeon Crawl Stone Soup version 0.27-a0-1228-gfd60fd639a (webtiles) character file.

Game seed: 3496790681027001894

7 dickylongcocking the Magician (level 2, 0/22 HPs)
             Began as a Djinni Fire Elementalist on June 7, 2021.
             Slain by a rat (1 damage)
             ... on level 1 of the Dungeon.
             The game lasted 00:00:25 (379 turns).

dickylongcocking the Magician (DjFE)                 Turns: 379, Time: 00:00:26

Health: 0/22       AC:  3    Str:  7    XL:     2   Next: 10%
Gold:   9          EV: 12    Int: 16    God:
                   SH:  0    Dex: 13

rFire    + + .     SeeInvis .   b - +0 short sword
rCold    x . .     Faith    .   (no shield)
rNeg     . . .     Spirit   .   a - +0 robe
rPois    ∞         Reflect  .   (no helmet)
rElec    .         Harm     .   (no cloak)
rCorr    .         Rampage  .   c - +0 pair of gloves
Will     .....                  (boots unavailable)
Stlth    ++........             (no amulet)
HPRegen  0.07/turn              (no ring)
MPRegen  0.00/turn              (no ring)

@: flying
A: sickness immunity, fire resistance 2, cold vulnerability 1, float, innate
caster, hp casting, extra vitality 1
a: no special abilities


You were on level 1 of the Dungeon.
You visited 1 branch of the dungeon, and saw 1 of its levels.

You collected 9 gold pieces.

Inventory:

Hand Weapons
 b - a +0 short sword (weapon)
Armour
 a - a +0 robe (worn)
 c - a +0 pair of gloves (worn)
Potions
 d - a potion of might {unknown}


   Skills:
 * Level 0.8 Fighting
 - Level 2.2 Dodging
 - Level 1.5 Stealth
 * Level 2.6 Spellcasting


You couldn't memorise any spells.
You knew the following spells:

 Your Spells              Type           Power      Damage    Failure   Level
a - Foxfire               Conj/Fire      40%        2x1d6     6%          1
b - Conjure Flame         Conj/Fire      10%        6-21      19%         3
c - Inner Flame           Hex/Fire       10%        N/A       19%         3
d - Sticky Flame          Conj/Fire      10%        2d3       54%         4
e - Fireball              Conj/Fire      5%         3d5       87%         5
Your spell library was empty.

Dungeon Overview and Level Annotations

Branches:
Dungeon (1/15)

Altars:


Innate Abilities, Weirdness & Mutations

You are immune to sickness and miasma.
You are immune to poison.
Your flesh is very heat resistant. (rF++)
You are vulnerable to cold. (rC-)
You float through the air rather than walking.
You learn spells naturally, not from books.
Your magical power is your life essence.
You have superior vitality. (+4 HP)


Message History

The rat bites you.
* * * LOW HITPOINT WARNING * * *
The hobgoblin misses you.
Unknown command.
Unknown command.
The rat twitches its whiskers.
Your magical contamination has completely faded away.
Casting: Foxfire (safe; 7% risk of failure)
Confirm with . or Enter, or press ? or * to list all spells.
You don't have enough health to cast this spell.
Unknown command.
Unknown command.
Casting: Foxfire (safe; 7% risk of failure)
Confirm with . or Enter, or press ? or * to list all spells.
You conjure some foxfire!
* * * LOW HITPOINT WARNING * * *
The rat bites you but does no damage.
Unknown command.
Unknown command.
Your foxfire dissipates!
The foxfire hits the hobgoblin.
You kill the hobgoblin!
Found a stone staircase leading down.
Casting: Foxfire (safe; 6% risk of failure)
Confirm with . or Enter, or press ? or * to list all spells.
You don't have enough health to cast this spell.
Unknown command.
Unknown command.
Found 7 gold pieces.
There is a stone staircase leading down here.
You see here 7 gold pieces.
A frilled lizard and a kobold come into view.
The frilled lizard hisses angrily.
The rat twitches its whiskers.
Casting: Foxfire (safe; 6% risk of failure)
Confirm with . or Enter, or press ? or * to list all spells.
You conjure some foxfire!
* * * LOW HITPOINT WARNING * * *
The rat bites you.
You die...

##################
...........>.$...#
..†....#########r#
.......# #@#
.#......# #lv.#
###.#...# #..K...
.#)###..#
.........
#.#?#..##
.......## ##.#...#
#.##...... #.## #.
.##### ...# .. .#
##..


You could see a kobold, a frilled lizard (ally target) and a rat.

Vanquished Creatures
  A ball python (D:1)
  A goblin (D:1)
  2 hobgoblins (D:1)
  A kobold (D:1)
  A frilled lizard (D:1)
6 creatures vanquished.

Vanquished Creatures (others)
  14 foxfires (D:1)
14 creatures vanquished.

Grand Total: 20 creatures vanquished

Notes
Turn   | Place    | Note
-------+----------+-------------------------------------------
     0 | D:1      | dickylongcocking the Djinni Fire Elementalist began the
                  | quest for the Orb.
     0 | D:1      | Reached XP level 1. HP: 15/15 MP: 0/0
    25 | D:1      | Found a faded altar of an unknown god.
   351 | D:1      | Reached XP level 2. HP: 4/22 MP: 0/0
   352 | D:1      | HP: 1/22 [rat (2)]
   379 | D:1      | Slain by a rat

Illustrated notes

Levels and vault maps discovered:
D:1:      giann_bridges, layout_basic, shapermc_ecumenical_altar_gd,
          serial_park_tiny_pond, minmay_misc_feat_room, hangedman_decor_growths,
          minmay_pentomino_x4

Action                   || total
-------------------------++-------
Melee: Short sword       ||     7
 Cast: Foxfire           ||    10
 Stab: Sleeping          ||     1
Armor: Robe              ||     4
Dodge: Dodged            ||    10

Table legend: (Time is in decaauts)
 A = Elapsed time spent in this place.
 B = Non-inter-level travel time spent in this place.
 C = Inter-level travel time spent in this place.
 D = Time resting spent in this place.
 E = Time spent auto-exploring this place.
 F = Levels seen in this place.
 G = Mean time per level.
                   A        B        C        D        E       F      G
               +--------+--------+--------+--------+--------+-----+--------+
         Total |    379 |    319 |     60 |      0 |    237 |   1 |  379.0 |
       Dungeon |    379 |    319 |     60 |      0 |    237 |   1 |  379.0 |
               +--------+--------+--------+--------+--------+-----+--------+

Top non-repeatable levels by time:
     D:1: 379 daAuts
